[Event "Early-Titled-Tuesday-Blitz-October-24-2023"]
[Site "Chess.com"]
[Date "2023.10.24"]
[Round "1"]
[White "Zurability"]
[Black "NovikovaGalina"]
[Result "1-0"]
[WhiteElo "2806"]
[BlackElo "2439"]
[TimeControl "180+1"]
[EndTime "8:08:04 PDT"]
[Termination "Zurability won by checkmate"]

1. Nf3 e6 2. g3 f5 3. d3 Nf6 4. Nbd2 d6 5. e4 e5 6. Bg2 Be7 7. O-O Nc6 8. exf5 Bxf5 9. d4 exd4 10. Nb3 O-O 11. Nfxd4 Nxd4 12. Nxd4 Bc8 13. Re1 c6 14. c3 d5 15. Ne6 Bxe6 16. Rxe6 Bc5 17. Be3 Bxe3 18. Rxe3 Qd7 19. Qd4 a6 20. c4 Rad8 21.
cxd5 Nxd5 22. Rd3 Qf5 23. Rad1 Rde8 24. Bxd5+ cxd5 25. Qxd5+ Qxd5 26. Rxd5 Re2 27. R1d2 Rfxf2 28. Rd8+ Kf7 29. R8d7+ Kf8 30. Rxe2 Rxe2 31. Rxb7 a5 32. h4 h5 33. Rb5 a4 34. Kf1 Rc2 35. Ke1 Kg8 36.
Kd1 Rg2 37. a3 g6 38. Rb4 Kg7 39. Kc1 Rxg3 40. Rxa4 g5 41. hxg5 Kg6 42. Ra8 Kxg5 43. Rh8 h4 44. a4 Rf3 45. a5 Rf5 46. b4 Rb5 47. a6 Rxb4 48. a7 Ra4 49. a8=Q Rxa8 50.
Rxa8 h3 51. Kd2 Kf4 52. Ke2 Kg3 53. Kf1 Kh2 54. Ra3 Kh1 55. Rxh3# 1-0

[Event "Early-Titled-Tuesday-Blitz-October-24-2023"]
[Site "Chess.com"]
[Date "2023.10.24"]
[Round "1"]
[White "ChessSkool"]
[Black "Road2GM3000"]
[Result "0-1"]
[WhiteElo "2679"]
[BlackElo "2393"]
[TimeControl "180+1"]
[EndTime "8:08:04 PDT"]
[Termination "Road2GM3000 won by checkmate"]

1. e4 c5 2. Nf3 d6 3. d4 cxd4 4.
Nxd4 Nf6 5. Nc3 a6 6. h3 e6 7.
g4 Be7 8. Bg2 Nfd7 9. g5 Nc6 10.
h4 Qc7 11. Be3 O-O 12. h5 Nxd4 13. Qxd4 b5 14. h6 e5 15. Qd2 g6 16. Nd5 Qd8 17.
O-O-O Bb7 18. Nxe7+ Qxe7 19. Qxd6 Qxd6 20. Rxd6 Nb8 21. Rhd1 Nc6 22. Rd7 Rab8 23. Bc5 Rfd8 24. c3 Ba8 25. a3 Rxd7 26. Rxd7 Rd8 27. Rxd8+ Nxd8 28. Bd6 Ne6 29. Be7 Nf4 30. Bf3 Nd3+ 31. Kc2 Nxf2 32. Bf6 Bxe4+ 33. Bxe4 Nxe4 34. Be7 f5 35.
gxf6 Kf7 36. Kd3 Nxf6 37. Bd8 Ng4 38. Ke4 Ke6 39. Bg5 Nf2+ 40. Ke3 Nd1+ 41. Kd3 Nxb2+ 42. Ke4 Nc4 43. Bc1 Nd6+ 44. Kd3 Kd5 45. Bg5 e4+ 46. Ke2 Nc4 47. Be7 Nb6 48. Ke3 Na4 49. Bb4 Nb2 50.
Kf4 Nc4 51. Bf8 e3 52. Kf3 g5 53. Be7 g4+ 54. Kxg4 Ke4 55. Kg3 Kd3 56. Bg5 Nxa3 57. Kf4 Nc4 58. Kf5 a5 59. Kf6 a4 60. Bxe3 Nxe3 61.
Kg7 a3 62. c4 a2 63. cxb5 a1=Q+ 64. Kxh7 Qa7+ 65. Kg6 Qb6+ 66. Kg5 Qxb5+ 67. Kg6 Qc6+ 68. Kg5 Qd5+ 69. Kg6 Qd7 70. h7 Qe8+ 71. Kg7 Nf5+ 72. Kf6 Qh8+ 73. Kg6 Ne7+ 74. Kf7 Qxh7+ 75. Kf8 Nf5 76.
Ke8 Qe7# 0-1

[Event "Early-Titled-Tuesday-Blitz-October-24-2023"]
[Site "Chess.com"]
[Date "2023.10.24"]
[Round "1"]
[White "abc_xyz4744"]
[Black "IljaZaragatski"]
[Result "1-0"]
[WhiteElo "2378"]
[BlackElo "2646"]
[TimeControl "180+1"]
[EndTime "8:08:04 PDT"]
[Termination "abc_xyz4744 won on time"]

1. e3 g6 2. d4 Bg7 3. c4 c5 4.
Nf3 Nf6 5. Nc3 cxd4 6. exd4 d5 7. Bf4 O-O 8. Be2 Nc6 9. O-O b6 10. Ne5 Bb7 11. cxd5 Nxd5 12. Nxd5 Qxd5 13. Bf3 Qe6 14. d5 Qxe5 15. Bxe5 Nxe5 16. Re1 Rfd8 17. Qb3 Nxf3+ 18.
Qxf3 Bxd5 19. Qa3 e6 20. Rad1 h5 21. b3 Rd7 22. Rc1 Rad8 23. Rc2 h4 24. h3 Bf6 25. Qa4 Kg7 26. Rec1 Bg5 27. Qg4 Bxc1 28. Rxc1 Rh8 29. Qd4+ f6 30. Qa4 Rf7 31. Rd1 Rh5 32. Rd4 Rg5 33. Rg4 Rxg4 34. Qxg4 g5 35. f4 Kg6 36.
g3 hxg3 37. h4 Rc7 38. Qxg3 Rc1+ 39. Kf2 Rc2+ 40. Ke1 Rg2 41. Qd3+ Kg7 42. fxg5 Rg1+ 43. Kd2 Rg2+ 44. Kc3 fxg5 45. h5 Kf6 46. Qg6+ Ke5 47. h6 Rg3+ 48. Kb4 Be4 49. Qg7+ Kf4 50. h7 Bxh7 51.
Qxh7 a5+ 52. Kb5 e5 53. Kxb6 e4 54. Qc7+ Kf3 55. Qf7+ Ke2 56. Qc4+ Ke3 57. Kxa5 Rf3 58. b4 Rf5+ 59. b5 g4 60. Qc3+ Kf4 61. Qc7+ Kf3 62. Qd7 Kf4 63. Qd6+ Kf3 64. Qe6 Kf4 65. Ka6 g3 66. b6 g2 67. b7 g1=Q 68. b8=Q+ 1-0

[Event "Early-Titled-Tuesday-Blitz-October-24-2023"]
[Site "Chess.com"]
[Date "2023.10.24"]
[Round "1"]
[White "dapsay"]
[Black "SchmakAttack"]
[Result "0-1"]
[WhiteElo "2408"]
[BlackElo "2756"]
[TimeControl "180+1"]
[EndTime "8:08:08 PDT"]
[Termination "SchmakAttack won by resignation"]

1. d4 e6 2. Bf4 b6 3. e3 Bb7 4.
Nf3 Nf6 5. c3 c5 6. Nbd2 Be7 7.
Bc4 O-O 8. O-O d5 9. Bd3 Nbd7 10. Re1 Ne4 11. h3 a5 12. a4 Ndf6 13. Ne5 Qc8 14. Qe2 Re8 15. Bb5 Ba6 16. f3 Nd6 17.
Bxa6 Qxa6 18. Nc6 Bf8 19. Ne5 Qxe2 20. Rxe2 Rec8 21. Bg5 Ra7 22. Ree1 Nd7 23. Nd3 cxd4 24. exd4 Nc4 25. Nxc4 Rxc4 26. Bd2 Rc6 27. Kf1 f6 28. Re2 Kf7 29. f4 Rb7 30. g4 Bd6 31. Kf2 b5 32. axb5 Rxb5 33. Kf3 Nb6 34. Ra2 Nc4 35. Bc1 Ra6 36.
Ra4 Nb6 37. Ra2 a4 38. b4 Nc4 39. Nc5 Bxc5 40. dxc5 e5 41. Re1 g6 42. Be3 Rb8 43.
Rea1 a3 44. Rd1 Ke6 45. f5+ gxf5 46. gxf5+ Kxf5 47. Rxd5 Rg8 48. b5 Ra5 49. c6 Nxe3 50. Kxe3 Rg3+ 51. Kf2 Rxc3 52. Ke2 Rxc6 53. bxc6 Rxd5 54.
Rc2 Rd8 55. c7 Rc8 56. Ke3 a2 57. Rxa2 Rxc7 58. Rf2+ Ke6 59. Ra2 Rc3+ 60. Kf2 Rxh3 61. Ra7 Kf5 62. Kg2 Rh5 63. Kg3 Rg5+ 64. Kh4 Rg1 65. Kh3 e4 66. Kh2 Rg5 67. Rxh7 Kf4 68. Re7 f5 69. Kh3 Rg8 70. Ra7 Kf3 71. Ra3+ e3 72.
Kh2 f4 0-1

[Event "Early-Titled-Tuesday-Blitz-October-24-2023"]
[Site "Chess.com"]
[Date "2023.10.24"]
[Round "1"]
[White "vladislavkovalev"]
[Black "JG-17"]
[Result "1-0"]
[WhiteElo "2880"]
[BlackElo "2481"]
[TimeControl "180+1"]
[EndTime "8:08:09 PDT"]
[Termination "vladislavkovalev won by resignation"]

1. e4 c5 2. Nf3 d6 3. Bb5+ Bd7 4. Bxd7+ Qxd7 5. c4 Nc6 6. Nc3 g6 7. d4 cxd4 8. Nxd4 Bg7 9. Be3 Nf6 10. f3 O-O 11. Rc1 Rfc8 12. b3 a6 13. a4 Qd8 14.
O-O Nd7 15. Qd2 Nc5 16. Rb1 a5 17. Ndb5 Nb4 18. Nd5 Nxd5 19. Qxd5 Qd7 20. Rfd1 Qc6 21. Qd2 h5 22. Kh1 Rd8 23. Bg5 Rd7 24. Qe3 Ne6 25. Bh4 Kh7 26. Bf2 Be5 27. Qe1 g5 28. Be3 Rg8 29. Rd5 Nf4 30. Bxf4 gxf4 31. Qh4 Kh6 32. Nd4 Qc7 33. Rd1 e6 34. Nb5 Qd8 35. Qxd8 Rgxd8 36.
R5d3 h4 37. Kg1 Kg6 38. h3 Kf6 39. Kf2 Ke7 40. R1d2 Bf6 41. Ke1 Be5 42. Kd1 Bf6 43.
Kc2 b6 44. Nd4 Be5 45. Nc6+ Ke8 46. Nxe5 dxe5 47. Rxd7 Rxd7 48. Rxd7 Kxd7 49. b4 Kc6 50. Kb3 Kb7 51. c5 axb4 52. cxb6 Kxb6 53. Kxb4 f5 54. a5+ Ka6 55. Ka4 Ka7 56. Kb5 fxe4 57. fxe4 Kb7 58. Kc5 Ka6 59. Kd6 Kxa5 60. Kxe6 Kb4 61. Kxe5 1-0

[Event "Early-Titled-Tuesday-Blitz-October-24-2023"]
[Site "Chess.com"]
[Date "2023.10.24"]
[Round "1"]
[White "Susal_De_Silva"]
[Black "SARGISMV"]
[Result "0-1"]
[WhiteElo "2741"]
[BlackElo "2426"]
[TimeControl "180+1"]
[EndTime "8:08:09 PDT"]
[Termination "SARGISMV won by resignation"]

1. Nf3 Nf6 2. c4 c5 3. Nc3 g6 4.
g3 Bg7 5. Bg2 O-O 6. O-O Nc6 7. d4 cxd4 8. Nxd4 Ng4 9. e3 d6 10.
Nxc6 bxc6 11. Bxc6 Rb8 12. Bg2 Ne5 13. Qc2 Nxc4 14.
b3 Qa5 15. Nd5 Bxa1 16. Nxe7+ Kh8 17. Nc6 Qh5 18. Nxb8 Ne5 19. f4 Bf5 20. Qc7 Ng4 21. h3 Nf6 22. g4 Bxg4 23. Qxd6 Rc8 24. hxg4 Nxg4 25. f5 Be5 26. Qxe5+ Nxe5 27. Bb2 f6 28.
Bxe5 fxe5 29. Nc6 gxf5 30. Nxe5 Rc2 31. Rf2 Rxf2 32. Kxf2 Qh4+ 33. Kf1 Qb4 34. Nc4 Qc3 35. Ke2 Qc2+ 36. Nd2 Qxa2 37. Bh3 Qc2 38. Bg2 Kg7 39. Bd5 Kf6 40. Bc4 h5 41. Bd3 Qb2 42. Kd1 h4 43.
Nf3 Qa1+ 44. Ke2 h3 45. Kf2 Qb2+ 46. Be2 Qxb3 47. Bf1 Qb2+ 48. Kg3 h2 49. Nxh2 a5 50. Nf3 a4 51. Nd4 a3 52. Bc4 Qc3 53. Bb3 Qxe3+ 54. Nf3 Qxb3 55. Kf2 Qxf3+ 0-1

[Event "Early-Titled-Tuesday-Blitz-October-24-2023"]
[Site "Chess.com"]
[Date "2023.10.24"]
[Round "1"]
[White "KnightmareJoker"]
[Black "HeroRubiksCube"]
[Result "0-1"]
[WhiteElo "2114"]
[BlackElo "2538"]
[TimeControl "180+1"]
[EndTime "8:08:09 PDT"]
[Termination "HeroRubiksCube won by checkmate"]

1. e4 c6 2. d4 d5 3. exd5 cxd5 4. Bd3 Nc6 5. c3 Nf6 6. Bf4 g6 7. Nf3 Bf5 8. O-O Bxd3 9. Qxd3 Bg7 10. Nbd2 O-O 11.
Ne5 Rc8 12. Rfe1 e6 13. Ndf3 Ne4 14. Nd2 Nxd2 15. Qxd2 Na5 16. Qd3 Nc4 17. Nxc4 Rxc4 18. Re3 Qb6 19. b3 Rc6 20. h4 h5 21. Be5 Rfc8 22. Bxg7 Kxg7 23. Qd2 Qc7 24. Rc1 b5 25. b4 Rc4 26. a3 a5 27. Rd1 Rxc3 28. Rxc3 Qxc3 29.
Qf4 Qc7 30. Qe3 a4 31. g3 Qc2 32. Re1 Qf5 33. Rc1 Rxc1+ 34. Qxc1 Qd3 35. Qf4 Qb1+ 36.
Kh2 Qf5 37. Qe3 Qe4 38. Qd2 Qf3 39. Qe1 Kh7 40. Qd2 Qxa3 41. Qf4 Kg7 42. Qe5+ Kg8 43. Qb8+ Kh7 44. Qf4 Qxb4 45. Qxf7+ Kh8 46. Qf6+ Kg8 47.
Qxg6+ Kf8 48. Qf6+ Ke8 49. Qg6+ Kd7 50. Qxh5 a3 51. Qf7+ Qe7 52. Qf3 a2 53. Qc3 Ke8 54.
Qb2 Qa7 55. Qa1 b4 56. h5 b3 57. h6 b2 58. h7 Qxh7+ 59. Kg2 bxa1=Q 60. g4 Qah1+ 61. Kg3 Q7h2# 0-1

[Event "Early-Titled-Tuesday-Blitz-October-24-2023"]
[Site "Chess.com"]
[Date "2023.10.24"]
[Round "1"]
[White "ATM622"]
[Black "NikolaGry"]
[Result "1/2-1/2"]
[WhiteElo "2407"]
[BlackElo "2718"]
[TimeControl "180+1"]
[EndTime "8:08:12 PDT"]
[Termination "Game drawn - insufficient material"]

1. d4 g6 2. Nf3 Bg7 3. g3 c5 4.
Bg2 cxd4 5. Nxd4 Nc6 6. Nxc6 bxc6 7. O-O Nf6 8. e4 Qc7 9. Re1 d6 10. c4 Be6 11. Nd2 h5 12. h4 Rb8 13. Qc2 O-O 14. Rb1 Ng4 15. Nf1 f5 16. f4 Qb6+ 17. Kh1 Nf2+ 18. Kh2 Nxe4 19. Be3 Qa6 20. b3 d5 21. cxd5 cxd5 22. Qc7 Rfc8 23. Qxa7 Qxa7 24. Bxa7 Ra8 25. Bxe4 fxe4 26. Bb6 Rxa2+ 27. Kg1 Rcc2 28. Ne3 Rd2 29. Rbd1 d4 30. Rxd2 Rxd2 31. Nf1 Rb2 32. Rxe4 Bd5 33. Bxd4 Bxe4 34. Bxb2 Bxb2 35. Kf2 Bd4+ 36.
Ke2 Bd5 37. Kd3 Bf2 38. b4 Kf7 39. b5 Ke8 40. Nd2 Bxg3 41. Kd4 e6 42. Ke5 Kd7 43. Kf6 Bxf4 44. Nb1 e5 45. Nc3 Bb7 46. Kxg6 Bd2 47. Na4 Kd6 48. Kxh5 e4 49. Nb2 Kd5 50. Kg4 e3 51.
Nd3 Kd4 52. Nf4 Kc4 53. b6 Kb5 54. h5 Kxb6 55. h6 Be4 56. Kg3 Kc5 57. h7 Bxh7 58. Ng2 Kd6 59. Nxe3 Be4 60. Nc4+ Kd5 61. Nxd2 1/2-1/2

[Event "Early-Titled-Tuesday-Blitz-October-24-2023"]
[Site "Chess.com"]
[Date "2023.10.24"]
[Round "1"]
[White "Sjakkerntobi"]
[Black "K_A_S_T_O_R"]
[Result "0-1"]
[WhiteElo "2475"]
[BlackElo "2872"]
[TimeControl "180+1"]
[EndTime "8:08:14 PDT"]
[Termination "K_A_S_T_O_R won by checkmate"]

1. e4 c5 2. Nf3 d6 3. d4 cxd4 4. Nxd4 Nf6 5. Nc3 a6 6. Rg1 h6 7. g4 g5 8. Be3 Nbd7 9. Qe2 Ne5 10.
h3 e6 11. O-O-O b5 12. f4 gxf4 13. Bxf4 Nfd7 14. Bg2 Bb7 15. Kb1 Rc8 16. Nd5 exd5 17. exd5 Qc7 18. Nc6 Bg7 19. Be4 Kf8 20. g5 h5 21. g6 f6 22. Rgf1 Re8 23. Qh2 Kg8 24. Nd4 Nc5 25. Bh1 Bc8 26. Rde1 Bd7 27. Qg3 h4 28. Qc3 Rc8 29. Qd2 Re8 30. Bxe5 dxe5 31. Nf5 Bxf5 32. Rxf5 Qd6 33. Qb4 Nb7 34. Qg4 Rh6 35.
Rh5 f5 36. Qxf5 Qxg6 37. Be4 Qxf5 38. Rxf5 Nd6 39. Rg5 Nxe4 40. Rxe4 Kf7 41. b3 Bf6 42. Rf5 Ke7 43. c4 bxc4 44. bxc4 Kd6 45. Kc2 Rg8 46. Rf3 Rg2+ 47. Kb3 Rg3 48. Ree3 Rhg6 49. Kb4 Be7 50. Ka5 Kc5 51. Rc3 e4 52. Rfe3 Bd8+ 53. Ka4 Rxe3 54. Rxe3 Kd4 55. Re1 Rg3 56. d6 Rd3 57. Rc1 Kc5 58. d7 Be7 59. Re1 Kc6 60. Rxe4 Ra3# 0-1

[Event "Early-Titled-Tuesday-Blitz-October-24-2023"]
[Site "Chess.com"]
[Date "2023.10.24"]
[Round "1"]
[White "Skatchkov_V"]
[Black "tomobeast"]
[Result "0-1"]
[WhiteElo "2535"]
[BlackElo "2238"]
[TimeControl "180+1"]
[EndTime "8:08:14 PDT"]
[Termination "tomobeast won by resignation"]

1. d4 d5 2. c4 e6 3. Nf3 c6 4. g3 f5 5. Bg2 Nf6 6. O-O Bd6 7. b3 Ne4 8. Ba3 Bc7 9. Nbd2 Nd7 10. Nxe4 dxe4 11.
Ne1 Nf6 12. f3 e5 13. fxe4 Nxe4 14. e3 Be6 15. Nf3 Qf6 16. Nxe5 Bxe5 17. Bxe4 O-O-O 18. Bg2 Qg5 19. Qf3 Bc7 20. Rad1 Rhe8 21. Kh1 Bf7 22. Qxf5+ Qxf5 23. Rxf5 Bg6 24. Rf2 Rxe3 25. d5 cxd5 26. cxd5 Bb6 27. d6 Rxb3 28. axb3 Bxf2 29. d7+ Rxd7 30.
Rc1+ Kd8 31. Rf1 Rd2 32. Bb4 Rb2 33. Bd5 Rxb3 34. Ba5+ b6 35. Rd1 Rd3 36. Rxd3 Bxd3 37. Bc3 b5 38. Kg2 Bc5 39. Bxg7 b4 40. Kf3 a5 41. h4 a4 42. Bf6+ Kd7 43. g4 b3 44.
g5 Bc2 45. h5 a3 46. Be5 b2 47.
Ba2 b1=Q 48. Bxb1 Bxb1 49. Kg4 Ke6 50. Ba1 Be3 51. g6 hxg6 52. Kf3 Bc1 53. hxg6 Bxg6 54.
Ke2 Bb2 55. Kd1 Bxa1 56. Kc1 Bb2+ 0-1

[Event "Early-Titled-Tuesday-Blitz-October-24-2023"]
[Site "Chess.com"]
[Date "2023.10.24"]
[Round "1"]
[White "RNG2200"]
[Black "vishwa_vijeta"]
[Result "1-0"]
[WhiteElo "2166"]
[BlackElo "2534"]
[TimeControl "180+1"]
[EndTime "8:08:16 PDT"]
[Termination "RNG2200 won by checkmate"]

1. d4 Nf6 2. Bg5 g6 3. Bxf6 exf6 4. e3 d5 5. g3 c6 6. c3 Bd6 7. Bg2 O-O 8. Ne2 f5 9. h4 Nd7 10. Nd2 Nf6 11. c4 Bb4 12. a3 Bxd2+ 13. Qxd2 dxc4 14. Qb4 Be6 15. Nf4 Bd5 16. Nxd5 cxd5 17. Qxb7 a5 18. O-O Rb8 19. Qa7 Rxb2 20. Rfb1 Qb8 21. Qxb8 Rfxb8 22. Rxb2 Rxb2 23. Bf3 Ne4 24. Bxe4 fxe4 25. Kg2 h5 26. a4 Rb4 27. Kh3 c3 28. Rc1 Rc4 29. Rc2 Kf8 30. g4 hxg4+ 31. Kxg4 Kg7 32. Kf4 Kh6 33. Ke5 Kh5 34. Kxd5 Rxa4 35. Rxc3 Ra2 36. Kxe4 Rxf2 37. d5 Kxh4 38. d6 Rf6 39. d7 Re6+ 40. Kf4 Rd6 41. Rc7 Kh5 42. Ke5 Rd1 43. Kf6 a4 44.
Kxf7 a3 45. Ke8 a2 46. Ra7 Rd3 47. d8=Q Rxd8+ 48. Kxd8 Kg4 49. Rxa2 Kf3 50. Ra6 g5 51. Rg6 g4 52. e4 g3 53. e5 g2 54. e6 Kf2 55. e7 g1=Q 56. Rxg1 Kxg1 57. e8=Q Kf2 58. Qa4 Kf1 59. Ke7 Kg1 60. Ke6 Kh2 61. Ke5 Kg1 62. Kf4 Kh2 63. Qe4 Kg1 64. Qe2 Kh1 65. Kg3 Kg1 66. Qg2# 1-0

[Event "Early-Titled-Tuesday-Blitz-October-24-2023"]
[Site "Chess.com"]
[Date "2023.10.24"]
[Round "1"]
[White "lilleper1"]
[Black "GKARU"]
[Result "1-0"]
[WhiteElo "2885"]
[BlackElo "2485"]
[TimeControl "180+1"]
[EndTime "8:08:17 PDT"]
[Termination "lilleper1 won on time"]

1. c4 e6 2. Nc3 d5 3. d4 Be7 4.
Nf3 Nf6 5. Bg5 O-O 6. e3 b6 7. Rc1 Bb7 8. cxd5 Nxd5 9. Bxe7 Qxe7 10. Be2 Rc8 11. O-O Nd7 12. a3 c5 13. Nxd5 Bxd5 14. Ba6 Rc7 15. b4 Nb8 16. Bd3 cxb4 17. Rxc7 Qxc7 18. axb4 a5 19. Ng5 h6 20. Nh3 axb4 21.
Qb1 b3 22. Rc1 Qd7 23. Nf4 Nc6 24. Nxd5 exd5 25. Bb5 Rc8 26. g3 Qe6 27. Qxb3 Na7 28.
Rxc8+ Nxc8 29. Bd3 g6 30. h4 h5 31. Qb5 Kg7 32.
Kg2 Ne7 33. Be2 Qd6 34. Bf3 Qe6 35. Qe8 Qd6 36. Qa8 Qe6 37. Qd8 Kf6 38. Kf1 Kg7 39. Ke2 Kf6 40. Kd3 Kg7 41. Qc7 Nf5 42. Qe5+ Kf8 43.
Qh8+ Ke7 44. Qb8 Kf6 45. Qf4 Kg7 46. Qc7 Ne7 47. Qd8 Qf5+ 48. Ke2 Qe6 49. Ke1 Kh7 50.
Be2 Kg7 51. Bb5 Nf5 52. Bd7 Qe4 53. Bxf5 Qxf5 54. Qxb6 Qd3 55. Qb2 Qc4 56. Qd2 Qb3 57.
Ke2 Qb5+ 58. Kf3 Qf1 59. Kf4 Qg2 60. f3 Qh3 61. Qd3 Qe6 62. e4 1-0

[Event "Early-Titled-Tuesday-Blitz-October-24-2023"]
[Site "Chess.com"]
[Date "2023.10.24"]
[Round "1"]
[White "Mr_ruthless"]
[Black "AlmasRakhmatullaev"]
[Result "0-1"]
[WhiteElo "2449"]
[BlackElo "2820"]
[TimeControl "180+1"]
[EndTime "8:08:18 PDT"]
[Termination "AlmasRakhmatullaev won by resignation"]

1. e4 e5 2. Nf3 Nf6 3. Nxe5 d6 4. Nf3 Nxe4 5. Nc3 Nxc3 6. dxc3 Be7 7. Bd3 Nc6 8. Bf4 Be6 9. Nd4 Nxd4 10. cxd4 Bf6 11. c3 O-O 12. O-O g6 13. Qf3 Rb8 14. Rfe1 Bg7 15.
Qe3 Re8 16. Bh6 Bh8 17. Qf3 c6 18. h3 Rc8 19. Qf4 Qb6 20. Re2 c5 21. dxc5 Rxc5 22. Rae1 Re5 23. Qa4 Qc6 24. Qxc6 bxc6 25. Bf4 Rxe2 26.
Rxe2 Rd8 27. Bb1 Bf6 28. Rd2 d5 29. Be3 Rd7 30. f4 Be7 31. b4 Bf6 32. Bd4 Bh4 33.
a4 Rb7 34. a5 Bg3 35. Be5 c5 36. Ba2 cxb4 37. cxb4 Rxb4 38. Kf1 Bxf4 39. Bxf4 Rxf4+ 40. Ke2 Ra4 41. Bxd5 Rxa5 42. Bxe6 Re5+ 43. Kf3 Rxe6 44. Rd7 a6 45. g4 Kg7 46. g5 Re5 47. h4 Ra5 48.
Ra7 Ra1 49. Kf4 a5 50. Kg3 a4 51. Kh2 a3 52. Kg2 a2 53. Kh2 h6 54. Kg2 hxg5 55.
hxg5 Kf8 56. Kh2 Ke8 57. Kg2 Kd8 58. Kh2 Kc8 59. Kg2 Kb8 60. Ra3 Kc7 61. Kh2 Kd6 62.
Ra5 Kc6 63. Kg2 Kb6 64. Ra8 Kb5 65. Rb8+ Kc4 66. Rc8+ Kd4 67. Ra8 Ke4 68. Ra4+ Kf5 69. Ra5+ Kg4 70. Kh2 Rf1 71. Rxa2 Kxg5 72. Kg2 Rf4 73.
Ra6 f5 74. Rb6 Re4 75. Kf3 Ra4 76. Rc6 Ra3+ 77. Kg2 Kh5 78. Rb6 g5 79. Rc6 Kg4 80.
Rc4+ f4 81. Rb4 Ra2+ 82. Kg1 Kg3 83. Rb1 f3 84. Kh1 Rh2+ 85. Kg1 f2+ 0-1

[Event "Early-Titled-Tuesday-Blitz-October-24-2023"]
[Site "Chess.com"]
[Date "2023.10.24"]
[Round "1"]
[White "Chernov_Mikhail"]
[Black "Kirill_Klukin"]
[Result "1-0"]
[WhiteElo "2393"]
[BlackElo "2667"]
[TimeControl "180+1"]
[EndTime "8:08:18 PDT"]
[Termination "Chernov_Mikhail won by resignation"]

1. d4 Nf6 2. Nc3 d5 3. Bf4 a6 4.
e3 e6 5. g4 c5 6. g5 Nfd7 7.
h4 Nc6 8. Nf3 b5 9. Ne2 Qb6 10.
c3 Bb7 11. Bh3 Be7 12. h5 b4 13. Kf1 a5 14. Kg2 Ba6 15. g6 hxg6 16. hxg6 f5 17. Ng5 Bxg5 18. Bxg5 Nf8 19. Nf4 Ne7 20. dxc5 Qxc5 21.
Qd4 Qxd4 22. cxd4 Nexg6 23. Rac1 Kd7 24. Rc5 Rc8 25. Rhc1 Rxc5 26. Rxc5 Nxf4+ 27. Bxf4 Ng6 28. Rxa5 Nxf4+ 29. exf4 Bf1+ 30. Kxf1 Rxh3 31. Rb5 Rf3 32. Rxb4 Rxf4 33. a4 Rh4 34. a5 Rh1+ 35. Ke2 Ra1 36. Rb5 g5 37. b4 g4 38. Rb7+ Kc6 39. Rb6+ Kd7 40. a6 f4 41. b5 Ra2+ 42. Kf1 Ra1+ 43. Kg2 Ra2 44. Kg1 Ra1+ 45. Kg2 Ra2 46. Rb7+ Kd6 47. a7 g3 48. b6 Rxf2+ 49. Kg1 Ra2 50. Rb8 Kc6 51. a8=Q+ Rxa8 52. Rxa8 Kxb6 53. Re8 Kb5 54.
Rxe6 Kc4 55. Rf6 Kxd4 56. Rxf4+ Ke3 57. Rg4 d4 58. Rxg3+ Ke2 59. Rg8 d3 60. Re8+ Kd1 61. Kf2 d2 62. Rd8 Kc2 63. Ke2 1-0

[Event "Early-Titled-Tuesday-Blitz-October-24-2023"]
[Site "Chess.com"]
[Date "2023.10.24"]
[Round "1"]
[White "topin8"]
[Black "OhanyanEminChess"]
[Result "0-1"]
[WhiteElo "2438"]
[BlackElo "2805"]
[TimeControl "180+1"]
[EndTime "8:08:19 PDT"]
[Termination "OhanyanEminChess won on time"]

1. e4 e5 2. Nf3 Nc6 3. Bb5 f5 4. d3 fxe4 5. dxe4 Nf6 6. O-O Bc5 7. Bxc6 bxc6 8. Nxe5 O-O 9. Qe2 Qe7 10. Nd3 Qxe4 11. Qxe4 Nxe4 12. Nxc5 Nxc5 13. b3 d6 14. Be3 Ne4 15.
f3 Nf6 16. c4 a5 17. Nc3 Bf5 18. Rad1 Rfe8 19. Rfe1 Nd7 20. Bd4 Kf7 21. Na4 c5 22. Bb2 Nf6 23. Nc3 Bd7 24. Rxe8 Bxe8 25. a4 Rb8 26.
Nb5 Rb7 27. Bc3 Bxb5 28. axb5 Ra7 29. Ra1 Nd7 30. Rxa5 Rb7 31. Ra8 Nb6 32. Rh8 Kg6 33.
Rg8 Ra7 34. Rxg7+ Kf5 35. Rf7+ Ke6 36. Rxh7 Ra3 37. Rh6+ Kf7 38. Rh7+ Kg6 39. Rxc7 Rxb3 40. Ba5 Nxc4 41. Be1 Rxb5 42. Rc6 Kf5 43. g4+ Kf4 44. Rc8 Kxf3 45. Rf8+ Kxg4 46. Rg8+ Kf3 47. Rf8+ Ke2 48. Bf2 d5 49. Re8+ Kf3 50. Rf8+ Ke2 51. Re8+ Kd3 52.
h4 d4 53. h5 Rb6 54. Rh8 Ne3 55. Rc8 c4 56. Rd8 c3 57. Bxe3 Kxe3 58. Re8+ Kd2 0-1

[Event "Early-Titled-Tuesday-Blitz-October-24-2023"]
[Site "Chess.com"]
[Date "2023.10.24"]
[Round "1"]
[White "ViktoriyaTarasova"]
[Black "Russian_berezka"]
[Result "0-1"]
[WhiteElo "2370"]
[BlackElo "2691"]
[TimeControl "180+1"]
[EndTime "8:08:19 PDT"]
[Termination "Russian_berezka won by resignation"]

1. d4 Nf6 2. c4 e6 3. Nc3 Bb4 4. e3 O-O 5. Bd3 d5 6. cxd5 exd5 7. Ne2 Re8 8. O-O Bf8 9. Ng3 b6 10. f3 c5 11. Re1 Nc6 12. Nce2 g6 13. Bd2 Bb7 14.
Rc1 h5 15. Qa4 c4 16. Bb1 h4 17. Nf1 a6 18. Qc2 Nb4 19. Bxb4 Bxb4 20. Red1 b5 21. Nf4 Qd7 22. Qf2 g5 23. Nh3 Kg7 24. Nxg5 Rh8 25.
h3 Bd6 26. f4 Ne4 27. Bxe4 dxe4 28. d5 Rae8 29. Qc2 Qf5 30. Qc3+ Kg6 31. g4 Qf6 32. Qc2 Qe7 33. Rd4 f6 34. Nxe4 Kf7 35.
Nf2 Bc5 36. Re4 Qd6 37. Rxe8 Kxe8 38. Qg6+ Kf8 39. Re1 Bxd5 40. g5 Bf7 41. Qxf6 Qxf6 42. gxf6 Be6 43. Kh2 Rg8 44. Ne4 Bb4 45. Ng5 Bxe1 46.
Nxe6+ Kf7 47. Ng5+ Kxf6 48. Ne4+ Kf5 49. Nd6+ Ke6 50.
Ne4 Bb4 51. Ng5+ Kf5 52. Nf3 Kf6 53. Nxh4 Rd8 54. Ng2 Rd1 55. h4 Rxf1 56. a3 Bc5 57.
Kg3 Rb1 58. Kf3 Rxb2 59. e4 c3 60. e5+ Ke6 0-1

[Event "Early-Titled-Tuesday-Blitz-October-24-2023"]
[Site "Chess.com"]
[Date "2023.10.24"]
[Round "1"]
[White "El_Matador12"]
[Black "IngOscarArdila"]
[Result "1-0"]
[WhiteElo "2625"]
[BlackElo "2302"]
[TimeControl "180+1"]
[EndTime "8:08:19 PDT"]
[Termination "El_Matador12 won on time"]

1. d4 Nf6 2. Bg5 e6 3. Nd2 h6 4. Bh4 b6 5. e4 Be7 6. Bd3 Bb7 7. Qe2 c5 8. c3 Nc6 9. Ngf3 d6 10. O-O Qc7 11. e5 Nd5 12. Bxe7 Qxe7 13. exd6 Qxd6 14. dxc5 Qxc5 15. Nb3 Qe7 16. Bb5 O-O 17. Rfe1 a6 18.
Bxc6 Bxc6 19. Ne5 Bb7 20. Qg4 Rad8 21. Nd4 Qc7 22. h3 Nf6 23. Qh4 Rd5 24. f4 Rfd8 25.
Re3 Qc5 26. Kh2 b5 27. a3 a5 28. Rae1 b4 29. axb4 axb4 30. Nd3 Qc7 31. Nxb4 Rxd4 32. cxd4 Rxd4 33. Nd3 Qc2 34. R1e2 Qd1 35. Nf2 Qf1 36.
Ng4 Qxf4+ 37. Qg3 Nxg4+ 38. hxg4 Qg5 39. Qb8+ Kh7 40. Qxb7 Qh4+ 41. Rh3 Qxg4 42. Qf3 Qg5 43. Qxf7 Qg4 44. Qf3 Qg5 45. Qe3 Qf6 46. Rf2 Qd8 47.
Rff3 Qd6+ 48. Rfg3 e5 49. Qf3 Rf4 50. Qh5 e4 51.
Rh4 Rf6 52. Rxe4 Qc7 53. Rg4 1-0

[Event "Early-Titled-Tuesday-Blitz-October-24-2023"]
[Site "Chess.com"]
[Date "2023.10.24"]
[Round "1"]
[White "alexrustemov"]
[Black "santosalberto1987"]
[Result "1-0"]
[WhiteElo "2769"]
[BlackElo "2416"]
[TimeControl "180+1"]
[EndTime "8:08:23 PDT"]
[Termination "alexrustemov won on time"]

1. d4 d5 2. c4 c6 3. Nc3 Nf6 4. e3 a6 5. Qc2 Bg4 6. Bd3 e6 7. Nge2 Bxe2 8. Bxe2 Nbd7 9. O-O Bd6 10. h3 O-O 11. Rd1 Qe7 12. b3 dxc4 13. bxc4 e5 14. c5 Bc7 15. Rb1 Rab8 16. Bc4 Rfd8 17. Bb2 exd4 18.
exd4 Nf8 19. Re1 Qd7 20. Rbd1 Re8 21. Rxe8 Rxe8 22. d5 cxd5 23. Nxd5 Nxd5 24. Bxd5 Qb5 25. Qb3 Ne6 26. Qxb5 axb5 27. Bxb7 Nxc5 28. Bc6 Rb8 29.
Bd4 Ne6 30. Be3 Bb6 31. Bc1 Nd4 32. Be4 Rd8 33. Kf1 Ne6 34. Rxd8+ Nxd8 35. Bd3 b4 36. Bd2 Bc5 37. Ke2 Ne6 38. Be3 Kf8 39. Bxc5+ Nxc5 40.
Bc2 Ke7 41. Ke3 Kd6 42. Kd4 Ne6+ 43. Kc4 Nf4 44. Be4 Ke5 45. Bb7 h5 46. h4 f6 47.
g3 Nh3 48. f3 Nf2 49. Kxb4 g5 50. a4 gxh4 51. gxh4 Kd6 52. a5 Kc7 53. Be4 Nh3 54. Bg6 Nf4 55. Bf7 Kb7 56. Kb5 Ka7 57. Kc5 Ng2 58. Bxh5 Nxh4 59. Bf7 Nxf3 60. Bc4 1-0